 Dungeon Crawl Stone Soup version 0.28-a0-1506-g3893175d92 (webtiles) character file.

Game seed: 13412227768962583618

18421 siradein the Thaumaturge (level 12, -2/91 HPs)
             Began as a Djinni Ice Elementalist on Jan 13, 2022.
             Was a Believer of Makhleb.
             Slain by a cane toad (14 damage)
             ... on level 4 of the Lair of Beasts.
             The game lasted 01:00:12 (11855 turns).

siradein the Thaumaturge (Djinni Ice Elementalist) Turns: 11855, Time: 01:00:12

Health: -2/91      AC: 10    Str:  7    XL:     12   Next: 94%
Gold:   760        EV: 16    Int: 22    God:    Makhleb [**....] SH:  0 Dex: 14

rFire   + + +      SeeInvis .   z - staff of cold
rCold   + . .      Faith    .   (no shield)
rNeg    . . .      Spirit   .   i - +2 troll leather armour {Pargi}
rPois   ∞          Reflect  .   e - +2 helmet
rElec   .          Harm     .   t - +0 cloak
rCorr   .          Rampage  .   (no gloves)
Will    +....                   (boots unavailable)
Stlth   ++........              (no amulet)
HPRegen 1.05/turn               x - ring of protection from cold
MPRegen 0.00/turn               F - ring of protection from fire

@: confusing by touch, flying, studying Spellcasting
A: sickness immunity, fire resistance 2, cold vulnerability 1, float, innate
caster, hp casting, extra vitality 1
a: Renounce Religion, Minor Destruction


You were on level 4 of the Lair of Beasts.
You worshipped Makhleb.
Makhleb was pleased with you.
You visited 3 branches of the dungeon, and saw 16 of its levels.
You also visited: Sewer.

You collected 760 gold pieces.

Inventory:

Missiles
 I - a throwing net
Armour
 e - a +2 helmet (worn)
 i - a +2 troll leather armour (worn) {Pargi}
 t - a +0 cloak (worn)
Magical Staves
 n - a staff of conjuration
 z - a staff of cold (weapon)
Jewellery
 r - a ring of wizardry
 x - a ring of protection from cold (left hand)
 F - a ring of protection from fire (right hand)
Wands
 b - a wand of digging (5)
 k - a wand of iceblast (14)
 D - a wand of acid (6)
 E - a wand of mindburst (10)
 G - a wand of flame (13)
Scrolls
 c - 2 scrolls of summoning
 f - 2 scrolls of blinking
 g - 2 scrolls of holy word
 l - 3 scrolls of immolation
 o - a scroll of magic mapping
 p - 10 scrolls of teleportation
 u - a scroll of enchant weapon
 y - a scroll of brand weapon
 A - 2 scrolls of amnesia {unknown}
 C - 4 scrolls of fear {unknown}
Potions
 a - 5 potions of mutation
 d - 4 potions of brilliance
 h - a potion of might
 j - 4 potions of heal wounds
 m - 3 potions of resistance
 q - a potion of attraction
 s - 3 potions of curing {unknown}
 v - a potion of ambrosia {unknown}
 w - a potion of haste {unknown}
 B - a potion of lignification {unknown}
 J - a potion of invisibility {unknown}


   Skills:
 + Level 10.0 Fighting
 + Level 11.1 Dodging
 - Level 1.5 Stealth
 * Level 11.8 Spellcasting
 + Level 3.3 Invocations
 + Level 3.4 Evocations


You had 11 spell levels left.
You knew the following spells:

 Your Spells              Type           Power      Damage    Failure   Level
a - Freeze                Ice            100%       1d11      1%          1
b - Frozen Ramparts       Ice            100%       1d12      1%          3
c - Ozocubu's Armour      Ice            78%        N/A       1%          3
d - Hailstorm             Conj/Ice       78%        3d16      1%          4
e - Summon Small Mammal   Summ           100%       N/A       1%          1
f - Scorch                Fire           100%       2d10      1%          2
g - Passwall              Tmut/Erth      50%        N/A       1%          2
h - Confusing Touch       Hex            60%        N/A       1%          3
i - Petrify               Tmut/Erth      60%        N/A       1%          4
Your spell library was empty.

Dungeon Overview and Level Annotations

Branches:
Dungeon (11/15)            Temple (1/1) D:5            Lair (4/6) D:8
  Sewer (visited)
  Swamp: Lair:2-4    Shoals: Lair:2-4     Snake: Lair:2-4    Spider: Lair:2-4
    Orc: D:9-12

Altars:
Ashenzari
Cheibriados
Dithmenos
Elyvilon
Fedhas
Gozag
Hepliaklqana
Kikubaaqudgha
Makhleb
Nemelex Xobeh
Okawaru
Qazlal
Ru
Sif Muna
Trog
Uskayaw
Vehumet
Wu Jian
Xom
Yredelemnul
Zin
The Shining One
Jiyva

Shops:
D:3 *

Annotations:
D:11 3 runed translucent doors, HallandMoats's ghost, journeyman GrFi


Innate Abilities, Weirdness & Mutations

You are immune to sickness and miasma.
You are immune to poison.
Your flesh is very heat resistant. (rF++)
You are vulnerable to cold. (rC-)
You float through the air rather than walking.
You learn spells naturally, not from books.
Your magical power is your life essence.
You have superior vitality. (+4 MHP)


Message History

Your icy armour will break if you move.
Continue? [Y]es or [N]o only, please.
Your icy armour will break if you move.
Continue?
Okay, then.
You hit the komodo dragon but do no damage.
The cane toad closely misses you.
A rime drake comes into view.
The komodo dragon completely misses you.
You barely miss the komodo dragon. The cane toad misses you.
The komodo dragon bites you but does no damage.
The cane toad stings you!
The rime drake hisses angrily.
Casting: Confusing Touch (safe; 1% risk of failure)
Confirm with . or Enter, or press ? or * to list all spells.
Aiming: Freeze (safe; 1% risk of failure)
Press: ? - help, Shift-Dir - straight line, f - cane toad
Aim: a cane toad (chance to confuse on hit: 75%)
Okay, then.
Your icy armour will break if you move.
Continue?
The cane toad stings you. The komodo dragon closely misses you.
The rime drake breathes ice at you. The flash freeze hits you!!
You partially resist.
You are encased in ice.
You fly downwards.
Your icy armour cracks and falls away as you move.
There is a stone staircase leading up here.
Casting: Freeze (safe; 1% risk of failure)
Confirm with . or Enter, or press ? or * to list all spells.
You feel a surge of power! A film of ice covers your body!
The cane toad stings you but does no damage.
The komodo dragon bites you!
Your icy armour will break if you move.
Continue?
Your icy armour cracks and falls away as you move.
The ice encasing you melts away. The komodo dragon bites you!!
* * * LOW HITPOINT WARNING * * *
The cane toad stings you.
* * * LOW HITPOINT WARNING * * *
Found a scroll labelled KOOMOA ZYUL.
The cane toad stings you!
You die...

..?... ....... ..... ..[..
.... ##..######
#P.#..##.######
##.#@P........###
#...Fl..........#
#P.##..........##
#####..P..........#
######.##.....<........#
#####..##.................##
#.#.......................#
.........P##P.............#
#.#..#######P............##


You could see a komodo dragon and a cane toad.

Vanquished Creatures
  A fire dragon (Lair:1)
  Harold (D:11)
  A boulder beetle (Lair:4)
  2 two-headed ogres
  Erica (D:10)
  Pikel (D:4)
  3 black mambas
  Joseph (D:8)
  A cane toad (Lair:1)
  A komodo dragon (Lair:1)
  3 trolls
  A hornet (D:9)
  5 blink frogs (Lair:4)
  3 wyverns
  Sigmund (D:3)
  25 yaks
  A steam dragon (D:9)
  A basilisk (Lair:1)
  Menkaure (D:4)
  5 water moccasins
  4 acid dragons
  Duvessa (D:6)
  Pargi (Sewer)
  3 orc warriors
  An ice beast (D:8)
  2 black bears
  5 necrophages
  2 wolves (Lair:1)
  5 ogres
  2 phantoms
  6 centaurs
  A lemure (D:4)
  A kobold brigand (D:6)
  13 bullfrogs
  A wyvern zombie (D:7)
  2 scorpions
  Dowan (D:6)
  6 killer bees (D:9)
  2 wights (D:7)
  6 howler monkeys
  2 bullfrog zombies
  3 centaur zombies
  3 orc priests
  A gnoll shaman (D:7)
  2 hounds (D:5)
  3 jellies
  Crazy Yiuf (D:6)
  A bullfrog skeleton (D:7)
  2 iguanas
  7 orc wizards
  2 killer bee zombies
  A hound skeleton (D:4)
  A mummy (D:7)
  A howler monkey zombie (D:10)
  Robin (D:3)
  9 gnolls
  9 adders
  A white imp (D:6)
  An ufetubus (D:6)
  An adder skeleton (D:4)
  2 worms (D:3)
  3 dart slugs
  13 orcs
  3 ball pythons
  6 bats
  3 endoplasms
  5 giant cockroaches
  13 goblins
  8 hobgoblins
  A jackal (D:4)
  2 quokkas
  10 frilled lizards
  13 kobolds
  A quokka skeleton (D:2)
  11 rats
270 creatures vanquished.

Vanquished Creatures (others)
  2 fungi (Lair:4)
  A plant (Lair:1)
3 creatures vanquished.

Grand Total: 273 creatures vanquished

Notes
Turn   | Place    | Note
-------+----------+-------------------------------------------
     0 | D:1      | siradein the Djinni Ice Elementalist began the quest for
                  | the Orb.
     0 | D:1      | Reached XP level 1. HP: 15/15 MP: 0/0
   297 | D:1      | Reached XP level 2. HP: 16/22 MP: 0/0
  1187 | D:1      | Reached skill level 1 in Fighting
  1187 | D:1      | Reached XP level 3. HP: 23/27 MP: 0/0
  1187 | D:1      | Learned a level 1 spell: Summon Small Mammal
  1775 | D:2      | Reached XP level 4. HP: 18/32 MP: 0/0
  2909 | D:3      | Found Feyseps's Assorted Antiques.
  3105 | D:3      | Noticed Robin
  3117 | D:3      | Killed Robin
  3138 | D:2      | Reached XP level 5. HP: 4/38 MP: 0/0
  3138 | D:2      | Learned a level 2 spell: Scorch
  3437 | D:3      | Found a glowing drain.
  3453 | Sewer    | Entered a sewer
  3626 | Sewer    | Noticed Pargi
  3641 | Sewer    | Killed Pargi
  3642 | Sewer    | Reached XP level 6. HP: 33/45 MP: 0/0
  4152 | D:3      | Noticed Sigmund
  4159 | D:3      | Killed Sigmund
  4160 | D:3      | Reached XP level 7. HP: 42/50 MP: 0/0
  4160 | D:3      | Learned a level 2 spell: Passwall
  4209 | D:3      | Found a broken altar of Ashenzari.
  4209 | D:3      | Found a glowing silver altar of Zin.
  4235 | D:3      | Found a glowing golden altar of the Shining One.
  4281 | D:3      | Found an opulent altar of Gozag.
  4318 | D:3      | Found a snail-covered altar of Cheibriados.
  4745 | D:4      | Reached skill level 5 in Spellcasting
  4946 | D:4      | Noticed Pikel
  4946 | D:4      | Noticed Menkaure
  4981 | D:4      | Killed Pikel
  4982 | D:4      | Reached skill level 5 in Dodging
  4982 | D:4      | Reached XP level 8. HP: 44/58 MP: 0/0
  5217 | D:4      | Killed Menkaure
  5563 | D:5      | Entered Level 5 of the Dungeon
  5912 | D:5      | Reached skill level 5 in Fighting
  5912 | D:5      | Reached XP level 9. HP: 63/65 MP: 0/0
  5912 | D:5      | Learned a level 3 spell: Confusing Touch
  5945 | D:5      | Found a staircase to the Ecumenical Temple.
  5973 | Temple   | Entered the Ecumenical Temple
  6126 | D:5      | Found an iron altar of Okawaru.
  6566 | D:6      | Noticed Duvessa
  6571 | D:6      | Killed Duvessa
  6845 | D:6      | Noticed Dowan
  6849 | D:6      | Killed Dowan
  7031 | D:6      | Found a runed translucent door.
  7032 | D:6      | Noticed Crazy Yiuf
  7244 | D:6      | Killed Crazy Yiuf
  7360 | D:7      | Noticed a troll
  7366 | D:7      | Killed a troll
  7463 | D:7      | Reached XP level 10. HP: 70/72 MP: 0/0
  7583 | D:7      | Found a bloodstained altar of Trog.
  7749 | D:7      | Found a burning altar of Makhleb.
  7783 | D:7      | Became a worshipper of Makhleb the Destroyer
  8135 | D:8      | Noticed Joseph
  8147 | D:8      | Killed Joseph
  8381 | D:8      | Found a staircase to the Lair.
  8607 | D:9      | Noticed a two-headed ogre
  8621 | D:9      | Killed a two-headed ogre
  8622 | D:9      | Reached XP level 11. HP: 60/81 MP: 0/0
  8622 | D:9      | Learned a level 4 spell: Petrify
  8742 | D:9      | Identified a scroll of acquirement
  8816 | D:9      | Found a shimmering altar of Xom.
  9022 | D:9      | Reached * piety under Makhleb
  9066 | D:10     | Entered Level 10 of the Dungeon
  9186 | D:10     | Noticed a two-headed ogre
  9189 | D:10     | Killed a two-headed ogre
  9190 | D:10     | Reached skill level 10 in Spellcasting
  9559 | D:10     | Noticed Erica
  9573 | D:10     | Killed Erica
  9574 | D:10     | Reached skill level 10 in Dodging
  9781 | D:11     | Found a runed translucent gate.
  9781 | D:11     | Found a runed translucent gate.
  9784 | D:11     | Found a runed translucent gate.
  9784 | D:11     | Noticed HallandMoats's ghost (journeyman GrFi)
 10155 | D:11     | Noticed Harold
 10182 | D:11     | Killed Harold
 10183 | D:11     | Reached XP level 12. HP: 57/89 MP: 0/0
 10195 | D:11     | Reached ** piety under Makhleb
 10565 | D:11     | Found a viscous altar of Jiyva.
 10684 | Lair:1   | Entered Level 1 of the Lair of Beasts
 10702 | Lair:1   | Reached skill level 1 in Invocations
 10702 | Lair:1   | Reached skill level 1 in Evocations
 10923 | Lair:1   | Acquired a manual of Spellcasting
 11187 | Lair:1   | Noticed a fire dragon
 11206 | Lair:1   | Killed a fire dragon
 11584 | Lair:2   | You are sucked into a shaft and drop 2 floors!
 11729 | Lair:4   | Noticed a boulder beetle
 11762 | Lair:4   | Killed a boulder beetle
 11763 | Lair:4   | Reached skill level 10 in Fighting
 11855 | Lair:4   | Slain by a cane toad

Illustrated notes

Levels and vault maps discovered:
D:1:      minmay_arrival_doors, layout_loops_corners
D:2:      layout_loops_ring
D:3:      cheibrodos_helix_gallery, layout_basic, mainiacjoe_overflow_alcove_1,
          chei_slow_surprise, tso_oasis_becter,
          gammafunk_temple_overflow_statue, portal_sewer_entry_e, serial_shops,
          nicolae_shop_stone, uniq_robin, uniq_sigmund
D:4:      layout_basic, minmay_circle_x, uniq_menkaure, uniq_pikel
D:5:      layout_basic, kennysheep_little_box, minmay_temple_entry_crystal_x
D:6:      layout_loops_ring, amcnicky_altar_gilded, nicolae_fountain_basement,
          uniq_duvessa, uniq_crazy_yiuf_cottage
D:7:      layout_loops_cross, old_standard_altar, lemuel_crystal_altar,
          serial_undead, serial_undead_d, serial_undead_a, serial_undead_b,
          serial_undead_a, serial_undead_d
D:8:      layout_loops_ring, lair_entry_dummy, uniq_joseph
D:9:      layout_basic, mainiacjoe_overflow_cross_hatched,
          chequers_serial_rivers_marsh
D:10:     layout_basic, uniq_erica
D:11:     layout_loops_ring, gammafunk_ghost_ooze, kennysheep_path_1,
          uniq_harold
Temple:   nicolae_temple_x_marks_the_god
Lair:1:   dragon1_lemuel, layout_regular_city, beast_lair_carwin_10,
          grunt_megastairs_5
Lair:2:   layout_cellular_growth, shoals_dummy_entry, dummy_snake_entry,
          grunt_megastairs_2
Lair:3:   layout_long_grid, serial_bayou_pond_a
Lair:4:   layout_cave_pods, st_stairs_6, nzn_sisyphean_effort,
          grunt_megastairs_3, infiniplex_staircase_pool_2, serial_bayou_shore_b

Skill      XL: |  1  2  3  4  5  6  7  8  9 10 11 12 |
---------------+-------------------------------------+-----
Fighting       | 1 2 3 5 6 7 9 10 | 10.0
Dodging        | 3 4 5 6 7 9 10 11 | 11.1
Spellcasting   | 4 5 6 7 9 10 11 | 11.8
Invocations    | 3 |  3.3
Evocations     | 3 |  3.4
Stealth        | |  1.5

Action                   |  1- 3 |  4- 6 |  7- 9 | 10-12 || total
-------------------------+-------+-------+-------+-------++-------
Melee: Unarmed           |     3 |     1 |       |       ||     4
       Short sword       |       |     7 |       |       ||     7
       Dagger            |       |     2 |       |       ||     2
       Scythe            |       |       |    24 |       ||    24
       Staff             |       |       |       |     6 ||     6
 Cast: Freeze            |    47 |    61 |    83 |    78 ||   269
       Frozen Ramparts   |       |     2 |    13 |    46 ||    61
       Scorch            |       |     9 |    31 |    37 ||    77
       Hailstorm         |       |       |    18 |    73 ||    91
       Ozocubu's Armour  |       |       |     1 |    20 ||    21
       Summon Small Mamm |       |       |       |     1 ||     1
       Petrify           |       |       |       |     6 ||     6
       Confusing Touch   |       |       |       |     1 ||     1
Invok: Minor Destruction |       |       |       |    17 ||    17
  Use: Scroll            |       |     4 |     2 |    15 ||    21
 Stab: Sleeping          |       |       |     2 |       ||     2
Armor: Robe              |     3 |    10 |       |       ||    13
       Troll leather arm |       |     6 |    44 |    70 ||   120
Dodge: Dodged            |    29 |    40 |    84 |   146 ||   299

Table legend: (Time is in decaauts)
 A = Elapsed time spent in this place.
 B = Non-inter-level travel time spent in this place.
 C = Inter-level travel time spent in this place.
 D = Time resting spent in this place.
 E = Time spent auto-exploring this place.
 F = Levels seen in this place.
 G = Mean time per level.
                   A        B        C        D        E       F      G
               +--------+--------+--------+--------+--------+-----+--------+
         Total |  11879 |  11465 |    414 |    321 |   9162 |  17 |  698.8 |
       Dungeon |  10211 |   9815 |    396 |    310 |   7989 |  11 |  928.3 |
        Temple |     79 |     79 |      0 |      0 |     53 |   1 |   79.0 |
          Lair |   1172 |   1155 |     17 |     11 |    772 |   4 |  293.0 |
         Sewer |    415 |    415 |      0 |      0 |    348 |   1 |  415.0 |
               +--------+--------+--------+--------+--------+-----+--------+

Top non-repeatable levels by time:
     D:1: 1745 daAuts
     D:2: 1388 daAuts
     D:3: 1033 daAuts
     D:4: 1003 daAuts
     D:5: 901 daAuts
    D:11: 845 daAuts
  Lair:1: 844 daAuts
     D:7: 771 daAuts
     D:6: 753 daAuts
    D:10: 723 daAuts
     D:8: 556 daAuts
     D:9: 489 daAuts
   Sewer: 415 daAuts
  Lair:4: 266 daAuts
  Temple: 79 daAuts
